[Event "Late-Titled-Tuesday-Blitz-March-19-2024"]
[Site "Chess.com"]
[Date "2024.03.19"]
[Round "1"]
[White "Kimkibo"]
[Black "Aslanov_Umid"]
[Result "1-0"]
[WhiteElo "2276"]
[BlackElo "2601"]
[TimeControl "180+1"]
[EndTime "14:10:23 PDT"]
[Termination "Kimkibo won by checkmate"]

1. d4 d5 2. Nf3 Nf6 3. Bf4 c5 4.
e3 Nc6 5. Nbd2 Bg4 6. c3 e6 7.
Bb5 Nd7 8. Qa4 Qb6 9. c4 Bxf3 10.
Nxf3 cxd4 11. Nxd4 Rc8 12. O-O Bc5 13. cxd5 exd5 14.
Nf5 O-O 15. Bd6 Rfd8 16. Bxc6 Rxc6 17. Ne7+ Kh8 18. Nxc6 bxc6 19. Bxc5 Nxc5 20. Qf4 Kg8 21. Rfc1 Nd3 22. Qd4 Nxc1 23. Rxc1 Qxd4 24. exd4 Rc8 25.
Kf1 Kf8 26. Ke2 Ke7 27. Kd3 Kd6 28. Re1 Rb8 29. b3 a5 30. Kc3 f6 31. f4 g6 32. g4 Ra8 33. f5 gxf5 34. gxf5 Kd7 35.
Re6 Rf8 36. h4 h5 37. a3 Rg8 38. Rxf6 Rg3+ 39. Kc2 Rg4 40. Rh6 Rxh4 41. Kc3 Rh3+ 42.
Kc2 Kc7 43. Rh7+ Kd6 44. Rh6+ Ke7 45. Rxc6 Rh2+ 46. Kc3 Rh3+ 47. Kc2 Rf3 48. Ra6 Rxf5 49. Rxa5 h4 50. Ra7+ Kf6 51. Rh7 Kg5 52. a4 Kg4 53. a5 h3 54. b4 Rf4 55. Kc3 Rf3+ 56. Kb2 Rf2+ 57. Kb3 Rf3+ 58. Ka4 Rf1 59. b5 Ra1+ 60. Kb4 Rb1+ 61. Kc5 Kg3 62. a6 h2 63. a7 Rc1+ 64. Kxd5 Rc7 65. Rxh2 Rxa7 66. Rh6 Kf4 67. Re6 Kf5 68. Re5+ Kf6 69. Kc5 Rc7+ 70. Kb6 Rd7 71. Re4 Kf5 72. Rh4 Kg5 73. Re4 Kf5 74. Re5+ Kf6 75.
Kc5 Rc7+ 76. Kd6 Rc4 77. Kd5 Rc7 78. b6 Rd7+ 79. Kc5 Rh7 80. Re1 Rh2 81. Rc1 Rb2 82. Kc6 Ke7 83. d5 Kd8 84. b7 Rb3 85. d6 Rb4 86. Rc5 Rb3 87. Rf5 Rc3+ 88. Rc5 Rb3 89. Rb5 Rc3+ 90. Kd5 Kd7 91. b8=Q Rc5+ 92.
Ke4 Rc4+ 93. Kd3 Rc6 94. Rb7+ Ke6 95. Qe8+ Kd5 96. Qxc6+ Kxc6 97. d7 Kxb7 98. d8=Q Kc6 99. Qd4 Kb5 100. Qd5+ Kb4 101. Qc6 Ka3 102. Qb6 Ka4 103. Kc3 Ka3 104. Qa6# 1-0

[Event "Late-Titled-Tuesday-Blitz-March-19-2024"]
[Site "Chess.com"]
[Date "2024.03.19"]
[Round "1"]
[White "FrankDux44"]
[Black "cthulhuuu"]
[Result "1/2-1/2"]
[WhiteElo "2716"]
[BlackElo "2415"]
[TimeControl "180+1"]
[EndTime "14:10:34 PDT"]
[Termination "Game drawn - insufficient material"]

1. e4 d6 2. Nc3 Nf6 3. f4 c5 4. Nf3 Nc6 5. Bb5 e6 6. O-O Be7 7. d3 O-O 8. Bxc6 bxc6 9. Kh1 Rb8 10. b3 Qa5 11. Bd2 Qa6 12. e5 Nd5 13. exd6 Bxd6 14. Ne5 Bxe5 15. fxe5 Nxc3 16. Bxc3 c4 17. bxc4 c5 18.
Bd2 Bb7 19. Qg4 Qc6 20. Rf2 Kh8 21. Raf1 Qd7 22. Qh5 Kg8 23. Rf4 f5 24. exf6 Rxf6 25.
Rxf6 gxf6 26. Rxf6 Be4 27. Qg5+ Bg6 28. Rf1 Rb2 29.
Qf6 Qf7 30. Qd8+ Qe8 31. Qf6 Qf7 32. Qxf7+ Bxf7 33. Be3 Rxc2 34. Bxc5 Rxa2 35. h3 Bg6 36. d4 Bd3 37. Rf8+ Kg7 38. d5 exd5 39. cxd5 Be4 40.
Rf4 Bxg2+ 41. Kg1 Bxd5 42. Bd4+ Kg6 43. Rg4+ Kf5 44. Rg3 Ke4 45. Bf6 Kf5 46. Bg7 a5 47. h4 a4 48. Rg5+ Ke4 49. Re5+ Kf3 50. Rxd5 Rg2+ 51.
Kf1 Rxg7 52. Rd3+ Kg4 53. Rd4+ Kh3 54. Rxa4 Rg4 55. Ra3+ Kxh4 56. Kf2 h5 57. Ra5 Rf4+ 58. Kg2 Kg4 59. Ra6 h4 60. Rg6+ Kf5 61. Ra6 Rg4+ 62. Kh3 Re4 63. Ra5+ Kf6 64. Ra6+ Ke5 65. Ra8 Kd4 66.
Rd8+ Ke3 67. Rf8 Kd3 68. Kg2 Ke3 69. Rf7 Kd3 70. Kf3 Re3+ 71. Kf2 Re6 72. Rf4 Rh6 73. Kg2 h3+ 74. Kh2 Ke3 75. Rf5 Ke4 76. Rf1 Ke3 77.
Re1+ Kf3 78. Ra1 Ke3 79. Ra2 Kf3 80. Ra3+ Ke4 81. Ra4+ Ke3 82. Ra5 Ke4 83. Ra7 Ke3 84. Re7+ Kd3 85. Rf7 Ke3 86. Rg7 Kf3 87. Rg3+ Kf4 88.
Rg1 Kf3 89. Rf1+ Ke3 90. Re1+ Kf2 91. Ra1 Ke3 92. Ra2 Ke4 93. Ra5 Ke3 94. Re5+ Kf4 95. Ra5 Ke3 96. Ra4 Kd3 97. Kh1 h2 98. Ra3+ Ke2 99. Ra2+ Ke3 100. Ra3+ Kf2 101. Ra2+ Kf3 102. Ra3+ Kf2 103. Ra4 Kf3 104. Ra5 Kf2 105. Ra8 Kf3 106. Rf8+ Kg3 107. Rg8+ Kh3 108. Rg7 Rh5 109. Rg6 Rh4 110. Rg2 Rg4 111. Rxh2+ Kg3 112. Rg2+ Kf3 113. Ra2 Rh4+ 114. Kg1 Rg4+ 115. Kf1 Kf4 116. Kf2 Kg5 117. Ra5+ Kh4 118. Kf3 Rg3+ 119. Kf4 Rg4+ 120. Kf3 Rg3+ 121. Kf2 Rg5 122. Ra4+ Rg4 123. Ra8 Kg5 124. Kf3 Rf4+ 125. Kg3 Rg4+ 126. Kf3 Rf4+ 127. Ke3 Rg4 128. Rf8 Kg6 129. Kf3 Ra4 130. Rb8 Kf6 131. Rb6+ Ke5 132. Ke3 Ra3+ 133. Kd2 Kd4 134. Kc2 Rh3 135. Rd6+ Kc5 136. Rd3 Rxd3 137. Kxd3 1/2-1/2

[Event "Late-Titled-Tuesday-Blitz-March-19-2024"]
[Site "Chess.com"]
[Date "2024.03.19"]
[Round "2"]
[White "OverallStranger"]
[Black "Boundless_Strike"]
[Result "0-1"]
[WhiteElo "2393"]
[BlackElo "2635"]
[TimeControl "180+1"]
[EndTime "14:12:56 PDT"]
[Termination "Boundless_Strike won by checkmate"]

1. e4 e5 2. Nf3 d6 3. d4 Bg4 4. dxe5 Nc6 5. exd6 Bxd6 6. Be2 Qe7 7. Nc3 O-O-O 8.
O-O Bxf3 9. Bxf3 Bxh2+ 10. Kxh2 Qh4+ 11. Kg1 Rxd1 12. Rxd1 Ne5 13. Nd5 Nf6 14. Ne7+ Kb8 15. Nf5 Nxf3+ 16. gxf3 Qh3 17. Ng3 h5 18. e5 h4 19.
exf6 hxg3 20. fxg3 Qxg3+ 21. Kf1 Qxf3+ 22. Ke1 Re8+ 23. Be3 Qxe3+ 24. Kf1 Qe2+ 25. Kg1 gxf6 26. a4 Rg8+ 27. Kh1 Qg2# 0-1

[Event "Late-Titled-Tuesday-Blitz-March-19-2024"]
[Site "Chess.com"]
[Date "2024.03.19"]
[Round "2"]
[White "Kumi29"]
[Black "Charodej1"]
[Result "1-0"]
[WhiteElo "2577"]
[BlackElo "2365"]
[TimeControl "180+1"]
[EndTime "14:13:15 PDT"]
[Termination "Kumi29 won by resignation"]

1. d4 Nf6 2. Bg5 Ne4 3. h4 d5 4. Nd2 Nxd2 5. Qxd2 h6 6. Bf4 e6 7. e3 c5 8. dxc5 Bxc5 9. O-O-O Nc6 10. Nf3 Qe7 11. c4 dxc4 12. Bxc4 e5 13. Nxe5 Nxe5 14. Bxe5 Bg4 15. Bxg7 1-0

[Event "Late-Titled-Tuesday-Blitz-March-19-2024"]
[Site "Chess.com"]
[Date "2024.03.19"]
[Round "2"]
[White "dennisodessa"]
[Black "Fore_Man"]
[Result "1-0"]
[WhiteElo "2533"]
[BlackElo "2303"]
[TimeControl "180+1"]
[EndTime "14:13:19 PDT"]
[Termination "dennisodessa won by resignation"]

1. d4 Nf6 2. c4 e6 3. Nc3 Bb4 4.
Qc2 d5 5. a3 Be7 6. Bg5 O-O 7.
Nf3 c5 8. dxc5 Bxc5 9. cxd5 exd5 10. e3 Nc6 11. Rd1 Be6 12. Nxd5 Bxd5 13. Qxc5 Ne7 14.
Bxf6 gxf6 15. e4 Rc8 16. Qe3 Qa5+ 17. b4 Qa4 18. exd5 Nxd5 19. Rxd5 Rfe8 20. Ne5 Rxe5 21. Rxe5 Rc1+ 22. Qxc1 1-0

[Event "Late-Titled-Tuesday-Blitz-March-19-2024"]
[Site "Chess.com"]
[Date "2024.03.19"]
[Round "2"]
[White "rickywsb"]
[Black "Keks2017"]
[Result "0-1"]
[WhiteElo "2323"]
[BlackElo "2552"]
[TimeControl "180+1"]
[EndTime "14:13:24 PDT"]
[Termination "Keks2017 won by resignation"]

1. d4 d6 2. Bf4 Nf6 3. Nc3 g6 4. e4 c6 5. Qd2 Qa5 6. O-O-O Nbd7 7. Nf3 b5 8. Kb1 b4 9. Ne2 Nxe4 10. Qe3 Ndf6 11. Nc1 Bf5 12. h3 Nd5 13. Qe1 Nxf4 14.
g4 Nc3+ 15. bxc3 bxc3 16. gxf5 Qa3 0-1

[Event "Late-Titled-Tuesday-Blitz-March-19-2024"]
[Site "Chess.com"]
[Date "2024.03.19"]
[Round "2"]
[White "kleinebeer98"]
[Black "GMAneta"]
[Result "1-0"]
[WhiteElo "2867"]
[BlackElo "2605"]
[TimeControl "180+1"]
[EndTime "14:13:40 PDT"]
[Termination "kleinebeer98 won by resignation"]

1. e4 c5 2. Nf3 Nc6 3. Bc4 g6 4. d4 cxd4 5. Nxd4 Bg7 6. Nf3 d6 7. O-O Nf6 8. Nc3 O-O 9. h3 a6 10. Bg5 b5 11. Bb3 Bb7 12. Qe2 Na5 13. Rad1 Nxb3 14.
cxb3 Qc7 15. Rfe1 Rac8 16. Nd5 Bxd5 17. exd5 Rfe8 18. Qe3 Qb7 19. Qd3 Nd7 20. b4 Nb6 21. b3 Rc3 22. Qd2 Rc7 23. Bh6 Bc3 24. Qg5 f6 25.
Qe3 Bxe1 26. Qe6+ Kh8 27. Qf7 Rg8 28. Nxe1 Qc8 29. Nf3 Rc1 30. Rxc1 1-0

[Event "Late-Titled-Tuesday-Blitz-March-19-2024"]
[Site "Chess.com"]
[Date "2024.03.19"]
[Round "2"]
[White "liwadas82"]
[Black "Roedor"]
[Result "1-0"]
[WhiteElo "2528"]
[BlackElo "2294"]
[TimeControl "180+1"]
[EndTime "14:13:41 PDT"]
[Termination "liwadas82 won by resignation"]

1. e4 e5 2. Nf3 Nc6 3. Bb5 Nf6 4.
d3 Bc5 5. c3 O-O 6. O-O Re8 7.
b4 Bb6 8. Bc4 d6 9. a4 a5 10. b5 Ne7 11. h3 Ng6 12. Ng5 Re7 13.
Qb3 Qf8 14. Nd2 h6 15. Ngf3 Be6 16. Kh2 Nd7 17. d4 f5 18. Bxe6+ Kh7 19. Bxf5 exd4 20. cxd4 1-0

[Event "Late-Titled-Tuesday-Blitz-March-19-2024"]
[Site "Chess.com"]
[Date "2024.03.19"]
[Round "2"]
[White "ThaBarWa"]
[Black "nabukatnezarr"]
[Result "0-1"]
[WhiteElo "2340"]
[BlackElo "2564"]
[TimeControl "180+1"]
[EndTime "14:13:51 PDT"]
[Termination "nabukatnezarr won by resignation"]

1. d4 Nf6 2. c4 e6 3. Nc3 c5 4.
d5 exd5 5. cxd5 d6 6. Nf3 g6 7.
Bg5 Bg7 8. e3 a6 9. a4 O-O 10.
Nd2 b6 11. Be2 Nbd7 12. O-O Qc7 13. Nc4 Bb7 14. Bf4 Ne8 15. Ne4 Ne5 16. Ncxd6 Nxd6 0-1

[Event "Late-Titled-Tuesday-Blitz-March-19-2024"]
[Site "Chess.com"]
[Date "2024.03.19"]
[Round "2"]
[White "GHANDEEVAM2003"]
[Black "only_strong_moves"]
[Result "1-0"]
[WhiteElo "3044"]
[BlackElo "2653"]
[TimeControl "180+1"]
[EndTime "14:13:59 PDT"]
[Termination "GHANDEEVAM2003 won by resignation"]

1. a3 g6 2. g3 Bg7 3. Bg2 d5 4. d4 Nf6 5. Bg5 Ne4 6. Bf4 c5 7. e3 cxd4 8. exd4 Qb6 9. Nc3 Bxd4 10. Nxd5 Qa5+ 11. c3 Qxd5 12. Qxd4 Qxd4 13. cxd4 Nd6 14.
Rc1 Nc6 15. Rxc6 bxc6 16. Bxc6+ Kd8 17. Bxd6 exd6 18. Bxa8 Re8+ 19. Kd2 Ba6 20. Bf3 1-0

[Event "Late-Titled-Tuesday-Blitz-March-19-2024"]
[Site "Chess.com"]
[Date "2024.03.19"]
[Round "2"]
[White "Pawngobblerx2000"]
[Black "cristiano78"]
[Result "1-0"]
[WhiteElo "2521"]
[BlackElo "2270"]
[TimeControl "180+1"]
[EndTime "14:14:14 PDT"]
[Termination "Pawngobblerx2000 won by resignation"]

1. c4 Nf6 2. g3 g6 3. Bg2 Bg7 4. Nf3 O-O 5. O-O d6 6. d4 Nc6 7. Nc3 Bf5 8. d5 Na5 9. b3 Ne4 10. Nxe4 Bxa1 11. Bd2 Bg7 12. Ne1 c5 13. Nd3 b6 14.
Ng5 h6 15. Nh3 Qd7 16. Nhf4 g5 17. Nh5 Bh3 18. Nxg7 Kxg7 19. Bc3+ f6 20. f4 Bxg2 21. Kxg2 Nb7 22. e4 Rae8 23. e5 fxe5 24. fxe5 Rxf1 25.
Qxf1 dxe5 26. Nxe5 Qd6 27. Qf7+ 1-0

[Event "Late-Titled-Tuesday-Blitz-March-19-2024"]
[Site "Chess.com"]
[Date "2024.03.19"]
[Round "2"]
[White "mac0504"]
[Black "diamonds13"]
[Result "0-1"]
[WhiteElo "2709"]
[BlackElo "2374"]
[TimeControl "180+1"]
[EndTime "14:14:23 PDT"]
[Termination "diamonds13 won by resignation"]

1. c4 e5 2. Nc3 Nc6 3. e3 g6 4. h4 h6 5. h5 g5 6. a3 a5 7.
d3 f5 8. Rb1 Nf6 9. b4 axb4 10.
axb4 Bxb4 11. Bd2 d6 12. g3 O-O 13. Bg2 Ra3 14. Qc1 e4 15. d4 f4 16. Nxe4 Nxe4 17.
Bxe4 fxe3 18. Bd5+ Kh8 19. Qxa3 0-1

[Event "Late-Titled-Tuesday-Blitz-March-19-2024"]
[Site "Chess.com"]
[Date "2024.03.19"]
[Round "2"]
[White "Narek_Ghimoyan"]
[Black "maurovargas01"]
[Result "1-0"]
[WhiteElo "2450"]
[BlackElo "1818"]
[TimeControl "180+1"]
[EndTime "14:14:29 PDT"]
[Termination "Narek_Ghimoyan won by resignation"]

1. d4 d5 2. c4 c6 3. Nf3 e6 4.
e3 Nf6 5. Nc3 Nbd7 6. Bd3 Bd6 7. e4 dxc4 8. Bxc4 Bc7 9. e5 Nd5 10.
O-O b5 11. Bd3 b4 12. Ne4 O-O 13. Nfg5 h6 14. Qh5 f5 15. Nxe6 Qe8 16. Qxe8 Rxe8 17. Nxc7 Nxc7 18. Nd6 Rf8 19. Bxf5 Nd5 20. Nxc8 Raxc8 21. Bxd7 Rcd8 22. Be6+ Kh8 23. Bxd5 cxd5 24. Be3 a5 25. Rac1 Rd7 26. Rc5 Ra8 27. Rfc1 Kh7 28. Rc7 Rdd8 29. h4 a4 30. h5 b3 31.
a3 Kg8 32. R1c6 Kh7 33. Rxh6+ Kg8 34. Rg6 1-0

[Event "Late-Titled-Tuesday-Blitz-March-19-2024"]
[Site "Chess.com"]
[Date "2024.03.19"]
[Round "2"]
[White "Fandorine"]
[Black "aistrel"]
[Result "1-0"]
[WhiteElo "2939"]
[BlackElo "2640"]
[TimeControl "180+1"]
[EndTime "14:14:32 PDT"]
[Termination "Fandorine won by resignation"]

1. d4 d5 2. Nf3 Nf6 3. c4 dxc4 4. Qa4+ Nc6 5. Qxc4 e5 6. dxe5 Ng4 7. Nc3 Ngxe5 8.
Nxe5 Nxe5 9. Qe4 Qe7 10. Nd5 f5 11. Qc2 Qd8 12. Nxc7+ Kf7 13. Nxa8 Bb4+ 14. Bd2 1-0

[Event "Late-Titled-Tuesday-Blitz-March-19-2024"]
[Site "Chess.com"]
[Date "2024.03.19"]
[Round "2"]
[White "Payyappat"]
[Black "hell3raiser"]
[Result "0-1"]
[WhiteElo "2532"]
[BlackElo "2344"]
[TimeControl "180+1"]
[EndTime "14:14:34 PDT"]
[Termination "hell3raiser won by resignation"]

1. e4 e5 2. Nf3 Nc6 3. Bc4 Bc5 4. c3 Nf6 5. d4 exd4 6. e5 d5 7. Bb5 Ne4 8. cxd4 Bb6 9. Be3 O-O 10. Nc3 f5 11.
Rc1 f4 12. Bxf4 Rxf4 13. Nxd5 Rf8 14. Qd3 Bf5 15. g4 Nxf2 16. Qb3 Be6 17. Bc4 Nxh1 18. Nxb6 axb6 19. Bxe6+ Kh8 20. d5 Nxe5 21. Nxe5 Qh4+ 22. Kd2 Qg5+ 23. Kc2 Qxe5 24. Rxh1 Qe4+ 0-1

[Event "Late-Titled-Tuesday-Blitz-March-19-2024"]
[Site "Chess.com"]
[Date "2024.03.19"]
[Round "2"]
[White "KVAIDAN"]
[Black "ninguno46"]
[Result "0-1"]
[WhiteElo "2313"]
[BlackElo "2542"]
[TimeControl "180+1"]
[EndTime "14:14:40 PDT"]
[Termination "ninguno46 won by resignation"]

1. f4 d5 2. Nf3 g6 3. e3 Bg7 4.
Be2 c5 5. O-O Nc6 6. d3 Nh6 7.
Kh1 Nf5 8. c3 e5 9. e4 dxe4 10.
dxe4 Qxd1 11. Rxd1 Nfe7 12. Be3 b6 13. Bb5 O-O 14. Na3 Bh6 15. g3 f5 16. exf5 Bxf5 17.
Nc4 exf4 18. Bxf4 Bxf4 19. gxf4 Be4 20. Nd2 Bd5 21. c4 Bxf3+ 22. Nxf3 Rxf4 23. Ng5 Nd4 24. Re1 Nef5 25. Ne6 Rf2 26. Nxd4 Nxd4 27. Ba6 Nf3 0-1

[Event "Late-Titled-Tuesday-Blitz-March-19-2024"]
[Site "Chess.com"]
[Date "2024.03.19"]
[Round "2"]
[White "kleber2007"]
[Black "AntonovaNadezhda"]
[Result "1-0"]
[WhiteElo "2495"]
[BlackElo "2194"]
[TimeControl "180+1"]
[EndTime "14:14:45 PDT"]
[Termination "kleber2007 won by resignation"]

1. d4 Nf6 2. c4 g6 3. Nc3 Bg7 4. e4 d6 5. Nf3 O-O 6. Be2 e5 7.
O-O Nc6 8. d5 Ne7 9. b4 a5 10.
bxa5 Nd7 11. a4 Rxa5 12. Ba3 b6 13. Bb4 Ra8 14. a5 bxa5 15. Rxa5 Rxa5 16. Bxa5 f5 17. Nb5 fxe4 18. Bxc7 exf3 19. Bxf3 Nc5 20. Bxd8 Rxd8 21. Bg4 Ba6 22. Nc7 Bxc4 23. Ne6 Nxe6 24. Bxe6+ Kf8 25. Qf3+ Nf5 26. Rc1 Ba6 27. g4 Ke7 28. gxf5 gxf5 29.
Rc7+ 1-0

[Event "Late-Titled-Tuesday-Blitz-March-19-2024"]
[Site "Chess.com"]
[Date "2024.03.19"]
[Round "2"]
[White "Englishman_18"]
[Black "andrzej"]
[Result "0-1"]
[WhiteElo "2259"]
[BlackElo "2516"]
[TimeControl "180+1"]
[EndTime "14:14:48 PDT"]
[Termination "andrzej won by resignation"]

1. Nf3 d5 2. d4 Nf6 3. c4 dxc4 4. Nc3 a6 5. a4 Nc6 6. e4 Bg4 7. Be3 Bxf3 8. gxf3 Na5 9. d5 c6 10. dxc6 Nxc6 11.
Bxc4 e6 12. Qxd8+ Rxd8 13. Bb6 Rc8 14. Be2 Bb4 15. Rc1 Nd7 16. Be3 Na5 17. f4 Nc5 18. f3 O-O 19. Bd4 Ncb3 20. Rd1 Nxd4 21. Rxd4 Rxc3 22. Rxb4 Rc1+ 23. Bd1 Rd8 0-1

[Event "Late-Titled-Tuesday-Blitz-March-19-2024"]
[Site "Chess.com"]
[Date "2024.03.19"]
[Round "2"]
[White "cardiganbyts"]
[Black "whiteglovethief"]
[Result "1-0"]
[WhiteElo "2061"]
[BlackElo "2439"]
[TimeControl "180+1"]
[EndTime "14:14:54 PDT"]
[Termination "cardiganbyts won on time"]

1. Nf3 d5 2. b3 Nf6 3. Bb2 Bf5 4. e3 a6 5. d4 e6 6. Bd3 c5 7. Bxf5 exf5 8. Nbd2 Nc6 9. c4 cxd4 10. Nxd4 Bb4 11.
O-O Bxd2 12. Qxd2 dxc4 13. bxc4 O-O 14. Rfd1 Ne4 15. Qe2 1-0

[Event "Late-Titled-Tuesday-Blitz-March-19-2024"]
[Site "Chess.com"]
[Date "2024.03.19"]
[Round "2"]
[White "Thjop"]
[Black "Rud_Makarian"]
[Result "0-1"]
[WhiteElo "2651"]
[BlackElo "3003"]
[TimeControl "180+1"]
[EndTime "14:14:55 PDT"]
[Termination "Rud_Makarian won by resignation"]

1. d4 Nf6 2. g3 c5 3. dxc5 e6 4. Bg2 Bxc5 5. Nf3 d5 6. O-O O-O 7. c4 Nc6 8. cxd5 exd5 9. Bg5 Be6 10. Bxf6 Qxf6 11. Nc3 Rad8 12. e3 a6 13. Ne2 Qxb2 14. Rb1 Qxa2 15. Rxb7 Rb8 16. Rxb8 Rxb8 17. Ned4 Nxd4 18.
Nxd4 Bxd4 19. Qxd4 g6 20. h4 h5 21. Rd1 Rb1 22. Bf1 Rxd1 23. Qxd1 a5 24. Qd4 a4 25.
Bd3 a3 26. Kg2 Qb2 27. Qxb2 axb2 28. f3 d4 0-1

[Event "Late-Titled-Tuesday-Blitz-March-19-2024"]
[Site "Chess.com"]
[Date "2024.03.19"]
[Round "2"]
[White "Marcan2b"]
[Black "Bilan_Danila"]
[Result "1-0"]
[WhiteElo "2918"]
[BlackElo "2627"]
[TimeControl "180+1"]
[EndTime "14:14:58 PDT"]
[Termination "Marcan2b won by resignation"]

1. e4 c6 2. d4 d5 3. Nc3 dxe4 4.
Nxe4 Bf5 5. Ng3 Bg6 6. h4 h6 7.
Bd3 Bxd3 8. Qxd3 e6 9. N1e2 Nf6 10. Bd2 Bd6 11. O-O-O Nbd7 12. Kb1 Qc7 13. Ne4 Nxe4 14.
Qxe4 Nf6 15. Qf3 O-O-O 16. g4 e5 17. g5 hxg5 18. hxg5 Nd5 19. c4 Nf4 20. Rxh8 Rxh8 21.
dxe5 Bxe5 22. Bxf4 Re8 23. Bxe5 Qxe5 24. Nc3 f5 25. gxf6 gxf6 26. a3 Qc5 27. Ne4 1-0

[Event "Late-Titled-Tuesday-Blitz-March-19-2024"]
[Site "Chess.com"]
[Date "2024.03.19"]
[Round "2"]
[White "Young_Catalan_Player09"]
[Black "schondeln"]
[Result "1-0"]
[WhiteElo "2591"]
[BlackElo "2364"]
[TimeControl "180+1"]
[EndTime "14:15:07 PDT"]
[Termination "Young_Catalan_Player09 won by checkmate"]

1. e4 d5 2. exd5 Qxd5 3. Nc3 Qa5 4. d4 Nf6 5. Bd2 Bg4 6. Be2 Bxe2 7. Qxe2 Nc6 8. Nf3 O-O-O 9. Nb5 Qb6 10. Ng5 Nxd4 11. Nxd4 Rxd4 12. Be3 Qa5+ 13. c3 Re4 14. Nxe4 Nxe4 15. O-O e6 16. Rfd1 Nf6 17. a4 Bd6 18. g3 h5 19. b4 Qf5 20. a5 h4 21. a6 b6 22. Qc4 Qf3 23. Rxd6 h3 24. Qc6 Nd5 25.
Qa8# 1-0

[Event "Late-Titled-Tuesday-Blitz-March-19-2024"]
[Site "Chess.com"]
[Date "2024.03.19"]
[Round "2"]
[White "Eeleyah"]
[Black "FrankDux44"]
[Result "0-1"]
[WhiteElo "2456"]
[BlackElo "2719"]
[TimeControl "180+1"]
[EndTime "14:15:08 PDT"]
[Termination "FrankDux44 won by resignation"]

1. d4 d5 2. c4 e6 3. Nf3 Nf6 4. Nc3 Be7 5. Bf4 O-O 6. e3 c5 7.
dxc5 Bxc5 8. Qc2 Nc6 9. a3 a6 10. Rd1 Qe7 11. Be2 dxc4 12. Bxc4 b5 13. Bd3 Bb7 14.
O-O h6 15. Ne4 Nxe4 16. Bxe4 Rfc8 17. b4 Bb6 18. Bd6 Qf6 19. Bc5 Bxc5 20. Qxc5 Ne7 21.
Qd4 Qxd4 22. Rxd4 Bxe4 23. Rxe4 Rc3 24. a4 bxa4 25. Ra1 a3 26. Ne5 Rac8 0-1

[Event "Late-Titled-Tuesday-Blitz-March-19-2024"]
[Site "Chess.com"]
[Date "2024.03.19"]
[Round "2"]
[White "EcosseKillie"]
[Black "fen_fire"]
[Result "0-1"]
[WhiteElo "2303"]
[BlackElo "2533"]
[TimeControl "180+1"]
[EndTime "14:15:09 PDT"]
[Termination "fen_fire won by resignation"]

1. d4 c5 2. e4 cxd4 3. c3 Nf6 4. e5 Nd5 5. Nf3 Nc6 6. cxd4 d6 7. Bc4 dxe5 8.
dxe5 Be6 9. O-O g6 10. Ng5 Bg7 11. Nxe6 fxe6 12. f4 O-O 13. Nc3 Qb6+ 14. Kh1 Rad8 15.
Qf3 Nd4 16. Nxd5 exd5 17. Bxd5+ e6 18. Bxe6+ Qxe6 19. Qxb7 Bxe5 20. Qe4 Bg7 21. Qxe6+ Nxe6 22. Be3 Bxb2 23. Rab1 Bd4 24. Bd2 Bb6 0-1

[Event "Late-Titled-Tuesday-Blitz-March-19-2024"]
[Site "Chess.com"]
[Date "2024.03.19"]
[Round "2"]
[White "ncofre98"]
[Black "Lukianoo"]
[Result "0-1"]
[WhiteElo "2596"]
[BlackElo "2839"]
[TimeControl "180+1"]
[EndTime "14:15:18 PDT"]
[Termination "Lukianoo won by resignation"]

1. e4 c6 2. d4 d5 3. exd5 cxd5 4. c4 Nf6 5. Nc3 Nc6 6. Bg5 Be6 7. a3 g6 8. c5 Bg7 9. Bb5 O-O 10. Bxf6 Bxf6 11.
Nge2 Bg4 12. f3 Bf5 13. f4 Bh4+ 14. g3 Bf6 15. O-O a6 16. Bd3 Nxd4 17. Bxf5 Nxf5 18. Nxd5 Bxb2 19. Rb1 Bd4+ 20. Nxd4 Qxd5 21. Nxf5 Qxf5 22. Qd4 Rfd8 23. Qf2 Rd7 24. Rbe1 Rad8 25. Re5 Qf6 26. Rfe1 e6 27. Qf3 Rd5 28. Qb3 R8d7 0-1

[Event "Late-Titled-Tuesday-Blitz-March-19-2024"]
[Site "Chess.com"]
[Date "2024.03.19"]
[Round "2"]
[White "Mikhail_Bryakin"]
[Black "tomobeast"]
[Result "1-0"]
[WhiteElo "2707"]
[BlackElo "2211"]
[TimeControl "180+1"]
[EndTime "14:15:22 PDT"]
[Termination "Mikhail_Bryakin won by resignation"]

1. e4 c6 2. Nf3 d5 3. d3 dxe4 4.
dxe4 Qxd1+ 5. Kxd1 Bg4 6. Be2 Nd7 7. Nbd2 O-O-O 8. h3 Bh5 9. g4 Bg6 10. Nh4 Nc5 11. f3 e6 12. c3 Bd6 13. Kc2 Ne7 14. Nc4 Bg3 15. Nxg6 hxg6 16. Be3 b6 17. a4 Kc7 18. a5 Rb8 19. axb6+ axb6 20. Ra7+ Rb7 21. Rxb7+ Kxb7 22. Nxb6 Kxb6 23. b4 Bd6 24. bxc5+ Bxc5 25.
Rb1+ Kc7 26. Bxc5 Rxh3 27. Bxe7 Rh2 28. Kd3 1-0

[Event "Late-Titled-Tuesday-Blitz-March-19-2024"]
[Site "Chess.com"]
[Date "2024.03.19"]
[Round "2"]
[White "Felix-Rose"]
[Black "WindWhistler11"]
[Result "0-1"]
[WhiteElo "2285"]
[BlackElo "2523"]
[TimeControl "180+1"]
[EndTime "14:15:26 PDT"]
[Termination "WindWhistler11 won by resignation"]

1. e4 e6 2. d4 d5 3. Nc3 Bb4 4.
exd5 exd5 5. Bd3 Ne7 6. Ne2 Nbc6 7. O-O f6 8. a3 Ba5 9. Nb1 Bb6 10. c3 Bf5 11. Ng3 Bg6 12. Re1 Qd7 13. b4 O-O 14. a4 a6 15. a5 Ba7 16. Bxg6 hxg6 17. Nd2 Rae8 18. Ndf1 Nd8 19. Bf4 Ne6 20. Qd2 g5 21.
Be3 Ng6 22. Nh5 c6 23. Nfg3 Bb8 24. Qd3 Nh4 25. Nf5 g6 26. Nxh4 gxh5 27. Nf5 Qh7 28. g3 Ng7 29. Nxg7 Qxd3 30. Nxe8 Rxe8 31. Rac1 h4 32.
Red1 Qe4 33. gxh4 gxh4 0-1

[Event "Late-Titled-Tuesday-Blitz-March-19-2024"]
[Site "Chess.com"]
[Date "2024.03.19"]
[Round "2"]
[White "jamengrand"]
[Black "Mackster23"]
[Result "0-1"]
[WhiteElo "2332"]
[BlackElo "2561"]
[TimeControl "180+1"]
[EndTime "14:15:29 PDT"]
[Termination "Mackster23 won by resignation"]

1. e4 c5 2. Nf3 d6 3. d4 cxd4 4.
Nxd4 Nf6 5. Nc3 a6 6. Bd3 Nc6 7. Nxc6 bxc6 8. O-O g6 9. f4 Bg7 10. e5 dxe5 11. fxe5 Ng4 12. e6 Bxe6 13. Kh1 Qb6 14. Qe2 O-O 15. Ne4 Ne5 16. Ng5 Nxd3 17. Nxe6 Nxc1 18. Raxc1 fxe6 19. Qxe6+ Kh8 20. Qxe7 Rae8 21. Rxf8+ Rxf8 22. Rd1 Qxb2 23. h3 Qxc2 24. Rd7 Qc1+ 25. Kh2 Qf4+ 26. Kh1 Qf1+ 27. Kh2 Qf6 0-1

[Event "Late-Titled-Tuesday-Blitz-March-19-2024"]
[Site "Chess.com"]
[Date "2024.03.19"]
[Round "2"]
[White "krzyzan94"]
[Black "Slovak_fighter2000"]
[Result "1-0"]
[WhiteElo "2793"]
[BlackElo "2577"]
[TimeControl "180+1"]
[EndTime "14:15:30 PDT"]
[Termination "krzyzan94 won by resignation"]

1. Nf3 d5 2. g3 Nd7 3. d4 Nb6 4. Nc3 Bf5 5. Bg2 e6 6. Nh4 c6 7.
e4 Bxe4 8. Nxe4 dxe4 9. Bxe4 Nf6 10. Bg2 Be7 11. Nf3 O-O 12. O-O a5 13. Qe2 a4 14.
c4 Re8 15. Be3 Nfd7 16. Rad1 Bf6 17. h4 Qe7 18. h5 Qb4 19. Nh2 Qxc4 20. Qg4 Qb5 21.
Be4 Nf8 22. Qf3 Be7 23. h6 g6 24. Bd3 Qd5 25. Be4 Qxa2 26. Qf4 Nbd7 27. Ng4 f5 28. Ne5 Nxe5 29. Qxe5 1-0

[Event "Late-Titled-Tuesday-Blitz-March-19-2024"]
[Site "Chess.com"]
[Date "2024.03.19"]
[Round "2"]
[White "ViIIagra"]
[Black "Vahe_Danielyan"]
[Result "0-1"]
[WhiteElo "2919"]
[BlackElo "2651"]
[TimeControl "180+1"]
[EndTime "14:15:34 PDT"]
[Termination "Vahe_Danielyan won by resignation"]

1. d4 Nf6 2. Nd2 d5 3. e3 Bf5 4. Ngf3 e6 5. Be2 Bd6 6. Nh4 Bg6 7. c4 c6 8. Qb3 b6 9. Nxg6 hxg6 10. h3 Nbd7 11. O-O g5 12. Rd1 g4 13. hxg4 Ne4 14. f4 Rh1+ 15. Kxh1 Qh4+ 16. Kg1 Qf2+ 17.
Kh2 Ke7 0-1